 Dungeon Crawl Stone Soup version 0.19-a0-376-gf780d9b (webtiles) character file.

6694 dracos369 the Slinger (level 11, -34/72 HPs)
             Began as a Halfling Fighter on May 30, 2016.
             Was a High Priest of Ukayaw.
             Annihilated by a very large slime creature (51 damage)
             ... on level 9 of the Dungeon.
             The game lasted 00:45:02 (8206 turns).

dracos369 the Slinger (Halfling Fighter)            Turns: 8206, Time: 00:45:03

Health: -34/72     AC: 12    Str: 17    XL:     11   Next: 23%
Magic:  14/14      EV: 17    Int:  7    God:    Ukayaw [*****.]
Gold:   411        SH: 10    Dex: 21    Spells: 0 memorised, 10 levels left

rFire  . . .     SeeInvis .     w - +1 short sword (venom)
rCold  . . .     Gourm    .     j - +3 scale mail of Midwinter {rN+ Dex+4}
rNeg   + . .     Faith    .     c - +0 shield
rPois  .         Spirit   .     (no helmet)
rElec  .         Dismiss  .     L - +0 cloak
rCorr  .         Reflect  .     (no gloves)
SustAt .         Harm     .     (no boots)
MR     .....                    v - amulet of regeneration
Stlth  ++........               (no ring)
                                Y - +4 ring of evasion

@: not resistant to hostile enchantments, unstealthy
A: mutation resistance 1
a: Stomp, Line Pass, Grand Finale, Renounce Religion


You were on level 9 of the Dungeon.
You worshipped Ukayaw.
Ukayaw was extremely pleased with you.
You were not hungry.

You visited 2 branches of the dungeon, and saw 10 of its levels.

You collected 411 gold pieces.

Inventory:

Hand Weapons
 a - a +0 long sword
 s - a +1 hunting sling of flaming
 w - a +1 short sword of venom (weapon)
 J - a +0 blowgun
Missiles
 m - 3 tomahawks (quivered)
 y - 10 sling bullets
 B - 87 stones
 I - 23 poisoned needles
Armour
 c - a +0 shield (worn)
 j - the +3 scale mail of Midwinter (worn) {rN+ Dex+4}
   (You found it on level 7 of the Dungeon)

   It affects your dexterity (+4).
   It protects you from negative energy.
 L - a +0 cloak (worn)
 R - the +2 robe of Rafiun {rElec rPois MR++ Stlth-}
   (You found it on level 5 of the Dungeon)

   It insulates you from electricity.
   It protects you from poison.
   It affects your resistance to hostile enchantments.
   It makes you less stealthy.
Jewellery
 b - an uncursed ring of ice
 v - an amulet of regeneration (around neck)
 x - an uncursed ring of protection from magic {unknown}
 Y - a +4 ring of evasion (left hand)
Wands
 Q - a wand of acid (9/15)
 T - a wand of iceblast (6/15)
 U - a wand of flame (19/48)
 W - a wand of confusion (23/48)
 X - a wand of enslavement (9/24)
Scrolls
 e - 2 scrolls of enchant weapon {unknown}
 g - 8 scrolls of remove curse
 i - 5 scrolls of teleportation {unknown}
 l - a scroll of random uselessness {unknown}
 o - a scroll of immolation {unknown}
 r - 4 scrolls of blinking {unknown}
 t - 2 scrolls of amnesia {unknown}
 u - a scroll of magic mapping {unknown}
 C - 2 scrolls of fear {unknown}
 D - a scroll of recharging {unknown}
 M - 2 scrolls of fog {unknown}
 V - a scroll of brand weapon {unknown}
Potions
 d - 2 potions of might
 h - a potion of cancellation
 n - 3 potions of magic
 p - 2 potions of haste
 q - a potion of flight
 z - 3 potions of agility
 E - a potion of lignification
 F - 3 potions of curing
 G - a potion of cure mutation {unknown}
 K - a potion of degeneration {unknown}
 O - a potion of heal wounds
 P - a potion of brilliance {unknown}
 S - a potion of berserk rage {unknown}
Books
 H - a book of Callings

   Spells                             Type                      Level
   a - Summon Small Mammal            Summoning                    1
   b - Call Imp                       Summoning                    2
   c - Call Canine Familiar           Summoning                    3
   d - Summon Guardian Golem          Hexes/Summoning              3
   e - Summon Lightning Spire         Summoning/Air                4
   f - Summon Ice Beast               Ice/Summoning                4
 N - a book of Clouds

   Spells                             Type                      Level
   a - Mephitic Cloud                 Conjuration/Poison/Air       3
   b - Conjure Flame                  Conjuration/Fire             3
   c - Poisonous Cloud                Conjuration/Poison/Air       6
   d - Freezing Cloud                 Conjuration/Ice/Air          6
   e - Ring of Flames                 Charms/Fire                  7
Comestibles
 f - 9 bread rations
 k - 4 beef jerkies
 A - 9 slices of pizza
 Z - 2 chunks of flesh


   Skills:
 + Level 5.4 Fighting
 + Level 6.1(8.3) Short Blades
 - Level 6.6(7.3) Long Blades
 - Level 11.0(12.0) Slings
 - Level 5.9(8.1) Throwing
 + Level 6.4 Armour
 + Level 5.1 Dodging
 * Level 5.0 Stealth
 - Level 3.2 Shields
 + Level 4.5 Invocations


You had 10 spell levels left.
You didn't know any spells.

Dungeon Overview and Level Annotations

Branches:
Dungeon (9/15)             Temple (1/1) D:6            Lair (0/8) D:8
    Orc: D:9-12

Altars:
Ashenzari
Cheibriados
Dithmenos
Elyvilon
Fedhas
Hepliaklqana
Kikubaaqudgha
Makhleb
Nemelex Xobeh
Okawaru
Pakellas
Qazlal
Ru
Sif Muna
Trog
Ukayaw
Vehumet
Xom
Yredelemnul
Zin
The Shining One
Lugonu


Innate Abilities, Weirdness & Mutations

You are small and have problems with some larger weapons.
You are somewhat resistant to further mutation.


Message History

You block the giant frog zombie's attack.
You closely miss the giant frog zombie.
You block the giant frog zombie's attack.
You hit the giant frog zombie.
The giant frog zombie hits you but does no damage.
You hit the giant frog zombie but do no damage.
You hit the large slime creature but do no damage.
The large slime creature is lightly wounded.
Two slime creatures merge to form a very large slime creature.
You fail to use your ability.
You fail to use your ability.
You fail to use your ability.
The very large slime creature hits you!!
* * * LOW HITPOINT WARNING * * *
Okay, then.
Okay, then.
You feel much better.
The very large slime creature hits you!!!
Ouch! That really hurt!
You die...

#......##.....#
.......#.....# #
#.......>.##..
#.<..........
####.....##
######.....#
...........#######
........#.(>......
......#@##((#########
......#.JZ(#...##...##
......###..).........#
...........(...(......
.....=..#(....<.......
....#.##...(........
........(....(......
#.....>=..........#< #
..............###


You could see a very large slime creature and a giant frog zombie.

Vanquished Creatures
  The ghost of tstbtto the Skirmisher, an amateur MiCK of Xom (D:4)
  2 slime creatures (D:9)
  Prince Ribbit (D:6)
  9 yaks (D:8)
  A hog (D:7)
  2 basilisks (D:8)
  A human (D:7)
  Edmund (D:6)
  A hippogriff (D:7)
  3 porcupines (D:8)
  Duvessa (D:4)
  A phantom (D:5)
  4 ogres
  5 centaurs
  3 crocodiles (D:8)
  7 giant frogs
  A gnoll sergeant (D:5)
  5 scorpions
  Dowan (D:4)
  3 killer bees (D:7)
  A howler monkey (D:5)
  2 crimson imps
  A centaur zombie (D:8)
  5 hounds
  An orc priest (D:5)
  Crazy Yiuf (D:5)
  A gnoll shaman (D:5)
  4 orc wizards
  A centaur skeleton (D:7)
  4 iguanas
  9 worker ants
  3 sheep (D:7)
  2 hound zombies
  A hound skeleton (D:6)
  8 adders
  22 gnolls
  3 river rats (D:8)
  3 shadow imps
  An ooze (D:1)
  2 worms (D:4)
  A dart slug (D:1)
  5 giant geckos
  11 orcs
  9 giant cockroaches
  9 goblins
  12 hobgoblins
  13 jackals
  3 quokkas
  A ball python (D:4)
  13 bats
  3 giant gecko skeletons
  A giant gecko zombie (D:8)
  8 giant newts
  8 kobolds
  3 quokka skeletons
  A quokka zombie (D:8)
  5 rats
234 creatures vanquished.

Vanquished Creatures (others)
  An orc wizard (D:6)
  A plant (D:8)
2 creatures vanquished.

Grand Total: 236 creatures vanquished

Notes
Turn   | Place    | Note
--------------------------------------------------------------
     0 | D:1      | dracos369 the Halfling Fighter began the quest for the Orb.
     0 | D:1      | Reached XP level 1. HP: 15/15 MP: 1/1
    75 | D:1      | Reached XP level 2. HP: 12/20 MP: 2/2
   671 | D:1      | Reached XP level 3. HP: 24/25 MP: 3/3
  1345 | D:2      | Reached XP level 4. HP: 30/30 MP: 4/4
  1406 | D:2      | Found a deep blue altar of Sif Muna.
  2109 | D:3      | Found a shadowy altar of Dithmenos.
  2333 | D:3      | Reached skill level 1 in Slings
  2350 | D:3      | Noticed a giant frog
  2363 | D:3      | Killed a giant frog
  2363 | D:3      | Reached skill level 2 in Slings
  2363 | D:3      | Reached XP level 5. HP: 26/35 MP: 5/5
  2432 | D:3      | Reached skill level 5 in Long Blades
  2457 | D:3      | Found a glowing golden altar of the Shining One.
  2557 | D:3      | Reached skill level 3 in Slings
  2627 | D:3      | Found an oddly glowing altar of Pakellas.
  2770 | D:3      | Reached XP level 6. HP: 41/41 MP: 6/6
  2827 | D:3      | Noticed an ogre
  2839 | D:3      | Killed an ogre
  2839 | D:3      | Reached skill level 4 in Slings
  3056 | D:4      | Noticed an ogre
  3063 | D:4      | Killed an ogre
  3063 | D:4      | Reached skill level 5 in Slings
  3073 | D:4      | Reached XP level 7. HP: 18/45 MP: 7/7
  3143 | D:4      | Noticed Duvessa
  3144 | D:4      | Noticed Dowan
  3170 | D:4      | Killed Dowan
  3173 | D:4      | Killed Duvessa
  3173 | D:4      | Reached skill level 6 in Slings
  3364 | D:4      | Found a bloodstained altar of Trog.
  3540 | D:4      | Noticed tstbtto's ghost (amateur MiCK)
  3564 | D:4      | Paralysed by tstbtto's ghost for 3 turns
  3573 | D:4      | Killed tstbtto's ghost
  3573 | D:4      | Reached skill level 8 in Slings
  3573 | D:4      | Reached XP level 8. HP: 22/51 MP: 8/8
  3578 | D:4      | Found a basalt altar of Yredelemnul.
  3578 | D:4      | Found a glowing golden altar of the Shining One.
  3597 | D:4      | Noticed a profane servitor
  3608 | D:4      | Noticed an angel
  3763 | D:4      | You fall through a shaft for 3 floors!
  3770 | D:7      | Got a fine scale mail
  3781 | D:7      | Identified the +3 scale mail of Midwinter {rN+ Dex+4} (You found it on level 7 of the Dungeon)
  3795 | D:7      | Reached skill level 9 in Slings
  3840 | D:6      | Found a staircase to the Ecumenical Temple.
  3848 | Temple   | Entered the Ecumenical Temple
  3921 | D:6      | Noticed Edmund
  3936 | D:6      | Killed Edmund
  3936 | D:6      | Reached skill level 1 in Dodging
  3959 | D:5      | Entered Level 5 of the Dungeon
  3974 | D:5      | Found a stormy altar of Qazlal.
  4080 | D:5      | Found an ancient bone altar of Kikubaaqudgha.
  4168 | D:5      | Reached skill level 1 in Short Blades
  4264 | D:5      | Reached XP level 9. HP: 57/57 MP: 9/9
  4267 | D:5      | Reached skill level 10 in Slings
  4318 | D:5      | Found a hide-covered altar to Ukayaw.
  4318 | D:5      | Found an iron altar of Okawaru.
  4324 | D:5      | Became a worshipper of Ukayaw the Reveler
  4372 | D:5      | Reached * piety under Ukayaw
  4378 | D:5      | Reached ** piety under Ukayaw
  4722 | D:5      | Reached skill level 1 in Invocations
  4733 | D:5      | Reached *** piety under Ukayaw
  4763 | D:5      | Found a sparkling altar of Nemelex Xobeh.
  4979 | D:5      | Got a ripped robe
  4990 | D:5      | Identified the +2 robe of Rafiun {rElec rPois MR++ Stlth-} (You found it on level 5 of the Dungeon)
  5149 | D:5      | Reached skill level 11 in Slings
  5162 | D:5      | Noticed Crazy Yiuf
  5169 | D:5      | Killed Crazy Yiuf
  5295 | D:6      | Noticed Prince Ribbit
  5312 | D:6      | Killed Prince Ribbit
  5312 | D:6      | Reached skill level 1 in Throwing
  5312 | D:6      | Reached skill level 1 in Stealth
  5609 | D:6      | Reached skill level 5 in Armour
  5794 | D:6      | Found a burning altar of Makhleb.
  5794 | D:6      | Found a glowing silver altar of Zin.
  5795 | D:6      | Noticed an angel
  5795 | D:6      | Noticed a green death
  5856 | D:6      | Found a deep blue altar of Sif Muna.
  6288 | D:7      | Reached XP level 10. HP: 62/64 MP: 11/11
  6299 | D:7      | Reached **** piety under Ukayaw
  6821 | D:7      | Found a sacrificial altar of Ru.
  7198 | D:8      | Reached skill level 5 in Short Blades
  7198 | D:8      | Reached ***** piety under Ukayaw
  7213 | D:8      | Reached skill level 5 in Throwing
  7217 | D:8      | Reached skill level 5 in Fighting
  7219 | D:8      | Reached ****** piety under Ukayaw
  7225 | D:8      | Reached XP level 11. HP: 31/71 MP: 9/13
  7348 | D:8      | Found a staircase to the Lair.
  7625 | D:8      | Reached skill level 5 in Dodging
  8021 | D:8      | Found a hazy altar of Hepliaklqana.
  8181 | D:9      | Reached skill level 5 in Stealth
  8205 | D:9      | HP: 3/72 [very large slime creature (26)]
  8206 | D:9      | Annihilated by a very large slime creature

Vault maps used:
D:1:      dpeg_arrival_rooms_with_view
D:2:      overflow_temple_1_default
D:3:      old_standard_altar, old_standard_altar, first_bread, tso_altar
D:4:      grunt_temple_overflow_holy_war, nicolae_overflow_crystal_walls,
          kennysheep_generic_room_6, uniq_duvessa
D:5:      marbit_many_paths, nemelex_deck, kennysheep_little_box,
          gammafunk_temple_overflow_statue, minmay_misc_feat_iff,
          uniq_crazy_yiuf_cottage
D:6:      grunt_temple_overflow_order_and_chaos_2, temple_statues,
          grunt_decor_cap, led_sif_book, uniq_edmund, uniq_prince_ribbit1
D:7:      nicolae_ru_the_path_less_chosen, grunt_livestock, abandoned_shop
D:8:      kennysheep_mini_moat, minmay_lair_entry_grove
D:9:      lemuel_doored_altar, basic_altar
Temple:   corrupted_temple

Skill      XL: |  1  2  3  4  5  6  7  8  9 10 11 |
---------------+----------------------------------+-----
Long Blades    | 3 4 5 6 |  6.6
Slings         | 2 3 5 8 9 11 | 11.0
Fighting       | 3 4 5 |  5.4
Dodging        | 2 3 4 5 |  5.1
Armour         | 4 5 6 |  6.4
Short Blades   | 1 3 5 6 |  6.1
Invocations    | 2 3 4 |  4.5
Throwing       | 2 5 |  5.9
Stealth        | 2 4 5 |  5.0
Shields        | |  3.2

Action                   |  1- 3 |  4- 6 |  7- 9 | 10-12 || total
-------------------------+-------+-------+-------+-------++-------
Melee: Long sword        |    74 |    97 |   113 |       ||   284
       Dagger            |   115 |       |       |       ||   115
       Short sword       |       |       |   170 |   267 ||   437
 Fire: Hunting sling     |       |    75 |   166 |   105 ||   346
Throw: Tomahawk          |       |       |     3 |     2 ||     5
Invok: Stomp             |       |       |       |     2 ||     2
  Use: Scroll            |       |     1 |     1 |     9 ||    11
       Potion            |       |       |       |     1 ||     1
 Stab: Invisible         |       |       |     2 |       ||     2
       Paralysed         |       |       |     3 |     4 ||     7
       Sleeping          |       |       |       |     2 ||     2
  Eat: Chunk             |     2 |     5 |    10 |     7 ||    24
Armor: Scale mail        |    73 |    46 |    80 |    51 ||   250
Dodge: Dodged            |    69 |    56 |   102 |   119 ||   346
Block: Shield            |    91 |    62 |   124 |   103 ||   380
